 Dungeon Crawl Stone Soup version 0.20-a0-1043-gbd57889 (webtiles) character file.

137 Gorglomux the Skirmisher (level 5, 0/48 HPs)
             Began as a Hill Orc Hunter on Apr 24, 2017.
             Was an Initiate of Beogh.
             Slain by a centaur (4 damage)
             ... on level 3 of the Dungeon.
             The game lasted 00:04:55 (2762 turns).

Gorglomux the Skirmisher (Hill Orc Hunter)          Turns: 2762, Time: 00:04:55

Health: 0/48       AC:  5    Str: 15    XL:     5   Next: 20%
Magic:  5/5        EV: 11    Int: 11    God:    Beogh [......]
Gold:   62         SH:  4    Dex: 14    Spells: 4/4 levels left

rFire    . . .     SeeInvis .   h - +0 hand axe
rCold    . . .     Gourm    .   (no shield)
rNeg     . . .     Faith    .   l - +0 ring mail
rPois    .         Spirit   .   (helmet restricted)
rElec    .         Reflect  .   (no cloak)
rCorr    .         Harm     +   (no gloves)
MR       .....     Rnd*Rage +   (no boots)
Stlth    +.........             j - amulet of harm
Regen    0.2/turn               (no ring)
MPRegen  0.1/turn               (no ring)

@: no status effects
A: horns 1, large bone plates 1, agile 1, berserk 1
a: Renounce Religion


You were on level 3 of the Dungeon.
You worshipped Beogh.
Beogh was noncommittal.
You were not hungry.

You visited 1 branch of the dungeon, and saw 3 of its levels.

You collected 62 gold pieces.

Inventory:

Hand Weapons
 b - a +0 blowgun
   (You took it off a kobold on level 3 of the Dungeon)
 h - a +0 hand axe (weapon)
   (You took it off a hobgoblin on level 2 of the Dungeon)
Missiles
 d - 2 throwing nets {=f, !d}
 m - 3 curare-tipped needles
Armour
 c - a cursed +0 cloak
   (You found it on level 2 of the Dungeon)
 l - a +0 ring mail (worn)
   (You took it off a hobgoblin on level 2 of the Dungeon)
 q - a +0 cloak
   (You found it on level 2 of the Dungeon)
Jewellery
 e - a +2 ring of dexterity {unknown}
   (You found it on level 3 of the Dungeon)
 j - an amulet of harm (around neck)
   (You found it on level 2 of the Dungeon)
Scrolls
 g - 3 scrolls of identify {unknown}
 k - a scroll of teleportation {unknown}
 p - a scroll of magic mapping {unknown}
Comestibles
 a - 3 chunks of flesh {@w0@w0}
 f - a bread ration {@e1@e1}
 i - a meat ration {@e2@e2}
 o - 2 royal jellies


   Skills:
 - Level 5.2 Fighting
 + Level 3.5 Axes
 - Level 3.6 Throwing
 - Level 1.5 Dodging
 - Level 0.7 Stealth


You had 4 spell levels left.
You didn't know any spells.

Dungeon Overview and Level Annotations

Branches:
Dungeon (3/15)

Altars:


Innate Abilities, Weirdness & Mutations

You have a pair of small horns on your head.
You are partially covered in large bone plates. (SH +4)
You are agile. (Dex +2)
You tend to lose your temper in combat.


Message History

You eat the chunk of flesh {@w0@w0}.
Health restored: 48 You enter the shallow water.
Moving in this stuff is going to be slow.
A hobgoblin comes into view.
The hobgoblin shouts!
A leopard gecko comes into view.
There are monsters nearby!
There are monsters nearby!
Aim: a hobgoblin Your line of fire to the hobgoblin is blocked by a plant.
Continue anyway? [Y]es or [N]o only, please.
Your line of fire to the hobgoblin is blocked by a plant.
Continue anyway? [Y]es or [N]o only, please.
Your line of fire to the hobgoblin is blocked by a plant.
Continue anyway? [Y]es or [N]o only, please.
Your line of fire to the hobgoblin is blocked by a plant.
Continue anyway?
Okay, then.
Your unstable footing causes you to fumble your attack.
The leopard gecko hisses angrily.
You completely miss the plant.
You headbutt the plant, but do no damage.
Your ring mail prevents you from hitting the hobgoblin.
You hit the plant but do no damage. x4; You block the hobgoblin's attack.
The hobgoblin misses you.
Your unstable footing causes you to fumble your attack.
The leopard gecko bites the plant but does no damage.
The hobgoblin closely misses you.
Your unstable footing causes you to fumble your attack.
The leopard gecko bites the plant but does no damage.
The hobgoblin hits you.
You take 3 damage, and have 45/48 hp.
You hit the hobgoblin.
You kill the hobgoblin!
Beogh accepts your kill.
You hit the plant but do no damage. x5
Your unstable footing causes you to fumble your attack.
The leopard gecko misses you.
Your unstable footing causes you to fumble your attack.
The leopard gecko splashes around in the water.
You closely miss the leopard gecko. Your headbutt misses the leopard gecko.
You hit the plant but do no damage. x2; You completely miss the plant.
You hit the plant. You hit the plant but do no damage.
The leopard gecko bites you.
The leopard gecko bites you but does no damage.
You take 3 damage, and have 42/48 hp.
Your unstable footing causes you to fumble your attack.
You block the leopard gecko's attack.
You hit the leopard gecko.
You kill the leopard gecko!
Beogh accepts your kill.
You hit the plant but do no damage. x2; You hit the plant.
You hit the plant but do no damage. x2
No target in view!
Found a stone staircase leading down.
You see here a hobgoblin corpse.
No target in view!
You see here a hobgoblin corpse.
You butcher the hobgoblin corpse.
a - 3 chunks of flesh {@w0@w0}
There is a stone staircase leading down here.
A centaur comes into view.
The centaur shouts!
The centaur wields a shortbow.
The centaur shoots an arrow.
The arrow barely misses you.
Health restored: 48 A centaur is nearby!
A centaur is nearby!
Aim: a centaur, wielding a shortbow You throw a javelin.
The javelin barely misses the centaur.
The centaur shoots an arrow.
The arrow hits you!
The centaur shoots an arrow.
The arrow hits you!
You take 24 damage, and have 24/48 hp.
MASSIVE DAMAGE!!
You start resting.
The centaur unwields an uncursed shortbow.
The centaur hits you.
You take 2 damage, and have 22/48 hp.
You hit the centaur but do no damage. Your headbutt misses the centaur.
The centaur hits you but does no damage.
You hit the centaur but do no damage. The centaur closely misses you. x2
You slash the centaur! You headbutt the centaur! The centaur hits you. x2
You take 7 damage, and have 15/48 hp.
You completely miss the centaur. The centaur hits you.
* * * LOW HITPOINT WARNING * * *
The centaur hits you but does no damage.
You take 4 damage, and have 11/48 hp.
You closely miss the centaur. Your headbutt misses the centaur.
The centaur barely misses you.
Unknown command.
You closely miss the centaur. The centaur hits you.
* * * LOW HITPOINT WARNING * * *
The centaur hits you.
* * * LOW HITPOINT WARNING * * *
You take 8 damage, and have 4/48 hp.
Unknown command.
You hit the centaur.
You headbutt the centaur, but do no damage.
The centaur misses you. The centaur hits you.
You die...

#.#
#.#....)...(....#
#.#
#.#.########.....
#.# #.#.# ###...
##.###.#.# #...
#......#.######
....
#..............
....
#..####.#.####
..... #. ##.###..
# ##@##.## #
#..#c##..c##.
#...((.......
#.####....... #
#...... #.#... ##
.# #


You could see a centaur.

Vanquished Creatures
  5 adders (D:2)
  4 worms (D:2)
  A dart slug (D:1)
  5 leopard geckos
  2 orcs (D:3)
  2 giant cockroaches (D:2)
  7 goblins
  10 hobgoblins
  7 jackals (D:2)
  8 kobolds
  A ball python (D:2)
  7 bats
  5 frilled lizards
  8 rats
72 creatures vanquished.

Vanquished Creatures (others)
  A frilled lizard (D:3)
1 creature vanquished.

Grand Total: 73 creatures vanquished

Notes
Turn   | Place    | Note
-------+----------+-------------------------------------------
     0 | D:1      | Gorglomux the Hill Orc Hunter began the quest for the Orb.
     0 | D:1      | Reached XP level 1. HP: 18/18 MP: 1/1
   157 | D:1      | Reached skill level 3 in Fighting
   194 | D:1      | Reached XP level 2. HP: 26/26 MP: 2/2
   425 | D:1      | Reached skill level 4 in Fighting
   440 | D:1      | Reached XP level 3. HP: 23/33 MP: 3/3
  1397 | D:2      | Reached skill level 5 in Fighting
  1403 | D:2      | Reached XP level 4. HP: 32/42 MP: 4/4
  1612 | D:2      | HP: 9/42 [hobgoblin/hand axe (7)]
  1975 | D:2      | Reached skill level 1 in Axes
  2167 | D:2      | Reached skill level 2 in Axes
  2309 | D:2      | Reached XP level 5. HP: 37/48 MP: 5/5
  2336 | D:2      | Reached skill level 3 in Axes
  2395 | D:3      | HP: 10/48 [orc/hand axe (3)]
  2395 | D:3      | HP: 4/48 [orc/hand axe (6)]
  2396 | D:3      | Gained mutation: You tend to lose your temper in combat. [potion of mutation]
  2396 | D:3      | Gained mutation: You are agile. (Dex +2) [potion of mutation]
  2396 | D:3      | Gained mutation: You have a pair of small horns on your head. [potion of mutation]
  2396 | D:3      | Gained mutation: You are partially covered in large bone plates. (SH +4) [potion of mutation]
  2398 | D:3      | Became a worshipper of Beogh the Brigand
  2401 | D:3      | HP: 3/48 [poisoned by kobold (curare-tipped needle)]
  2409 | D:3      | HP: 2/48 [poisoned by kobold (curare-tipped needle)]
  2750 | D:3      | Noticed a centaur
  2759 | D:3      | HP: 11/48 [centaur (4)]
  2761 | D:3      | HP: 4/48 [centaur (2)]
  2762 | D:3      | Slain by a centaur

Vault maps used:
D:1:      matt_arrival_refuge, solitary_fountain
D:3:      chequers_ecumenical_altar_island, first_bread, serial_bayou_pond_c

Skill      XL: |  1  2  3  4  5 |
---------------+----------------+-----
Fighting       | 3 4 5 |  5.2
Axes           | 2 3 |  3.5
Throwing       | |  3.6
Dodging        | |  1.5
Stealth        | |  0.7

Action                   |  1- 3 |  4- 6 || total
-------------------------+-------+-------++-------
Melee: Short sword       |    25 |       ||    25
       Whip              |    31 |       ||    31
       Mace              |    11 |    34 ||    45
       Hand axe          |       |    97 ||    97
       Headbutt          |       |     4 ||     4
 Fire: Blowgun           |       |     4 ||     4
Throw: Javelin           |    44 |    20 ||    64
       Throwing net      |     1 |       ||     1
Invok: Convert to Beogh  |       |     1 ||     1
  Use: Potion            |       |     3 ||     3
 Stab: Held in net/web   |     1 |       ||     1
  Eat: Chunk             |     2 |     4 ||     6
Armor: Leather armour    |    10 |     6 ||    16
       Ring mail         |       |    44 ||    44
Dodge: Dodged            |    35 |    77 ||   112
Block: Other             |       |     3 ||     3

Vault maps used:
D:1:      matt_arrival_refuge, solitary_fountain
D:3:      chequers_ecumenical_altar_island, first_bread, serial_bayou_pond_c

Table legend:
 A = Turns spent in this place as a percentage of turns spent in the entire game.
 B = Non-inter-level travel turns spent in this place as a percentage of non-inter-level travel turns spent in the entire game.
 C = Inter-level travel turns spent in this place as a percentage of turns spent in this place.
 D = Turns resting spent in this place as a percentage of non-inter-level travel turns spent in this place.
 E = Turns spent auto-exploring this place as a percentage of non-inter-level travel turns spent in this place.
 F = Non-inter-level travel turns spent in this place divided by the number of levels of this place that you've seen.
                   A       B       C       D       E      F
               +-------+-------+-------+-------+-------+----------------------
         Total | 100.0 | 100.0 |   0.1 |   2.8 |   7.5 | 322.7
       Dungeon | 100.0 | 100.0 |   0.1 |   2.8 |   7.5 | 322.7
               +-------+-------+-------+-------+-------+----------------------

Table legend:
 A = Kills in this place as a percentage of kills in entire the game.
 B = Kills by you in this place as a percentage of kills by you in the entire game.
 C = Kills by friends in this place as a percentage of kills by friends in the entire game.
 D = Other kills in this place as a percentage of other kills in the entire game.
 E = Experience gained in this place as a percentage of experience gained in the entire game.
 F = Experience gained in this place divided by the number of levels of this place that you have seen.
                   A       B       C       D       E      F
               +-------+-------+-------+-------+-------+----------------------
         Total | 100.0 | 100.0 |  -nan |  -nan | 100.0 |  65.7
       Dungeon | 100.0 | 100.0 |  -nan |  -nan | 100.0 |  65.7
               +-------+-------+-------+-------+-------+----------------------
